Map: Terraform LE (Void)

Players

Deucalion

  • Race: Zerg Zerg
  • League: Platinum

ImotoFantasy - Winner!

  • Race: Protoss Protoss
  • League: Platinum

VOD

Have the link to the VOD?

Description

Time

  • Played on: Oct. 27, 2015, 11:11 p.m.
  • Length: 13:41
Show
View Real Time Build Order
Export as new Build Order

Deucalion Zerg 

Build Orders: 3 Hatch before Pool 

Get SALT Encoding   

  12  0:01  Drone  
  13  0:14  Overlord  
  13  0:17  Drone  
  14  0:32  Drone x2  
  16  0:39  Drone  
  17  0:57  Hatchery  
  17  0:58  Drone  
  17  1:03  Drone  
  19  1:25  Drone  
  19  1:27  Hatchery  
  18  1:40  Spawning Pool  
  18  1:42  Drone  
  18  1:49  Drone  
  19  1:56  Extractor  
  19  1:57  Drone  
  19  2:00  Drone  
  21  2:15  Drone  
  21  2:16  Drone x2  
  21  2:21  Drone  
  24  2:26  Drone  
  24  2:28  Queen  
  27  2:31  Overlord  
  27  2:36  Zergling x2  
  28  2:41  Drone  
  28  2:44  Drone  
  30  2:48  Drone  
  31  2:53  Queen  
  31  2:55  Drone  
  31  2:56  Drone  
  35  3:03  Queen  
  37  3:06  Metabolic Boost  
  37  3:09  Drone  
  37  3:10  Drone  
  37  3:11  Drone x2  
  41  3:22  Drone  
  41  3:23  Overlord  
  42  3:28  Spine Crawler  
  42  3:31  Drone  
  42  3:35  Overlord  
  42  3:39  Lair  
  42  3:42  Drone  
  42  3:43  Drone x5  
  42  3:46  Overlord  
  48  3:56  Queen x2  
  52  4:08  Spine Crawler  
  51  4:11  Spore Crawler, Drone  
  51  4:12  Drone x6  
  57  4:18  Zergling x2  
  58  4:25  Drone  
  59  4:38  Drone  
  60  4:39  Drone x5  
  60  4:40  Drone  
  60  4:43  Spine Crawler  
  65  4:46  Infestation Pit  
  65  4:47  Extractor  
  65  4:50  Drone x2  
  65  4:55  Extractor, Queen  
  65  4:57  Overlord x3, Extractor  
  65  5:01  Overseer  
  65  5:06  Queen  
  65  5:07  Spore Crawler  
  65  5:09  Spore Crawler  
  65  5:12  Drone x2, Spore Crawler x2  
  65  5:13  Spore Crawler  
  66  5:17  Drone x2  
  66  5:20  Spore Crawler  
  67  5:31  Queen  
  69  5:42  Hive, Queen  
  67  5:49  Drone  
  73  5:50  Drone x13  
  73  5:52  Extractor  
  73  5:53  Drone x3  
  73  5:54  Extractor  
  73  5:56  Zergling x8  
  88  6:06  Queen  
  88  6:11  Spore Crawler  
  89  6:18  Evolution Chamber  
  88  6:19  Drone, Spore Crawler  
  88  6:20  Evolution Chamber  
  88  6:23  Spore Crawler  
  88  6:24  Spore Crawler  
  85  6:25  Spire  
  85  6:27  Spore Crawler  
  83  6:34  Overlord  
  83  6:35  Overlord x2  
  83  6:48  Hatchery  
  82  6:54  Overlord x3  
  82  6:55  Evolution Chamber, Overlord  
  82  6:57  Evolution Chamber x2  
  79  7:01  Drone  
  79  7:02  Drone  
  79  7:03  Drone x13  
  94  7:10  Queen  
  94  7:23  Viper x5  
  109  7:39  Zerg Flyer Weapons Level 1  
  109  7:42  Corruptor x2  
  113  7:44  Overlord x2  
  113  7:45  Zergling x2  
  113  7:46  Zergling x6  
  117  7:58  Queen x3  
  123  8:14  Corruptor x2  
  123  8:17  Drone x9  
  136  8:39  Drone  
  136  8:40  Spore Crawler x2  
  132  8:41  Spore Crawler  
  132  8:42  Spore Crawler x3  
  132  8:44  Spore Crawler  
  132  8:45  Spore Crawler  
  132  8:46  Spore Crawler  
  122  8:49  Corruptor  
  122  8:50  Corruptor x4  
  122  8:54  Extractor  
  131  8:57  Extractor  
  130  9:16  Spire  
  129  9:21  Corruptor x5  
  139  9:31  Adrenal Glands  
  139  9:33  Zerg Flyer Armor Level 1  
  139  9:35  Zergling x8  
  139  9:36  Zergling x6  
  139  9:37  Evolution Chamber, Drone  
  139  9:38  Drone  
  147  9:39  Drone  
  147  9:45  Viper x2  
  154  10:02  Drone x2  
  154  10:03  Infestor  
  154  10:04  Overlord x2  
  154  10:06  Spore Crawler  
  157  10:08  Spore Crawler  
  157  10:09  Spore Crawler  
  157  10:10  Viper  
  157  10:13  Spore Crawler  
  157  10:24  Spore Crawler  
  157  10:25  Spore Crawler  
  157  10:26  Spine Crawler  
  157  10:27  Spore Crawler, Viper x2  
  157  10:28  Corruptor  
  120  11:06  Corruptor  
  120  11:07  Corruptor x8  
  120  11:09  Zergling x2  
  120  11:10  Zergling x2  
  100  11:27  Queen  
  100  11:28  Queen  
  102  11:34  Corruptor x3  
  104  11:50  Zergling x18  
  104  11:51  Zergling x4  
  115  12:01  Corruptor  
  115  12:02  Viper x3  
  125  12:27  Corruptor x2  
  117  12:50  Corruptor x4  
  100  12:57  Corruptor  
Show
View Real Time Build Order
Export as new Build Order

ImotoFantasy Protoss - Winner!

Build Orders: Nexus First 

Get SALT Encoding   

  12  0:01  Probe (Chrono Boost)  
  13  0:11  Probe (Chrono Boost)  
  14  0:20  Pylon  
  14  0:22  Probe (Chrono Boost)  
  15  0:38  Probe (Chrono Boost)  
  16  0:49  Probe (Chrono Boost)  
  17  1:00  Nexus  
  17  1:04  Probe (Chrono Boost)  
  18  1:14  Probe (Chrono Boost)  
  19  1:24  Gateway  
  19  1:28  Probe (Chrono Boost)  
  20  1:33  Assimilator  
  20  1:34  Assimilator  
  20  1:41  Pylon  
  20  1:42  Probe (Chrono Boost)  
  21  1:52  Probe (Chrono Boost)  
  22  2:03  Probe (Chrono Boost)  
  23  2:12  Probe (Chrono Boost)  
  24  2:21  Probe (Chrono Boost)  
  26  2:23  Cybernetics Core, Probe (Chrono Boost)  
  26  2:32  Probe (Chrono Boost)  
  26  2:33  Zealot  
  26  2:34  Probe (Chrono Boost)  
  30  2:43  Probe (Chrono Boost)  
  31  2:45  Probe (Chrono Boost)  
  32  2:53  Probe (Chrono Boost)  
  33  3:00  Mothership Core (Chrono Boost)  
  33  3:02  Nexus  
  33  3:04  Probe (Chrono Boost)  
  36  3:07  Pylon  
  36  3:14  Probe (Chrono Boost)  
  36  3:18  Probe (Chrono Boost)  
  38  3:22  Warp Gate (Chrono Boost)  
  38  3:25  Probe (Chrono Boost)  
  38  3:26  Pylon  
  40  3:34  Probe (Chrono Boost)  
  40  3:35  Probe (Chrono Boost)  
  40  3:36  Pylon  
  41  3:44  Probe (Chrono Boost)  
  41  3:46  Probe (Chrono Boost)  
  43  3:49  Stargate  
  43  3:54  Pylon  
  43  3:55  Probe (Chrono Boost)  
  44  3:56  Probe (Chrono Boost)  
  44  4:00  Forge  
  45  4:06  Probe (Chrono Boost)  
  45  4:07  Probe (Chrono Boost)  
  47  4:10  Pylon  
  47  4:14  Probe (Chrono Boost)  
  47  4:16  Probe (Chrono Boost), Pylon  
  49  4:20  Sentry  
  49  4:22  Probe (Chrono Boost)  
  52  4:25  Probe (Chrono Boost)  
  52  4:27  Probe (Chrono Boost)  
  54  4:32  Probe (Chrono Boost)  
  54  4:35  Fleet Beacon, Phoenix (Chrono Boost), Probe (Chrono Boost)  
  54  4:37  Probe (Chrono Boost)  
  59  4:39  Photon Cannon  
  59  4:43  Photon Cannon  
  59  4:46  Photon Cannon  
  59  4:48  Probe  
  59  4:49  Probe  
  59  4:50  Probe  
  62  4:59  Phoenix  
  62  5:02  Stargate  
  64  5:07  Assimilator  
  64  5:10  Assimilator x2  
  64  5:12  Assimilator  
  64  5:14  Pylon  
  64  5:16  Probe  
  64  5:18  Probe  
  66  5:23  Probe  
  66  5:26  Probe  
  66  5:28  Phoenix  
  68  5:30  Probe  
  71  5:35  Probe  
  71  5:37  Probe  
  73  5:46  Pylon  
  73  5:48  Phoenix  
  73  5:49  Pylon  
  75  5:51  Probe  
  75  5:52  Probe x2, Pylon  
  78  5:57  Pylon, Photon Cannon  
  78  5:59  Photon Cannon  
  78  6:00  Pylon  
  78  6:04  Photon Cannon  
  78  6:05  Carrier (Chrono Boost)  
  84  6:12  Stargate  
  84  6:13  Protoss Air Weapons Level 1 (Chrono Boost)  
  84  6:17  Pylon  
  84  6:22  Stargate  
  84  6:31  Carrier (Chrono Boost)  
  90  6:39  Photon Cannon  
  90  6:42  Photon Cannon  
  90  6:43  Photon Cannon  
  90  6:44  Photon Cannon  
  90  6:45  Graviton Catapult  
  90  6:51  Photon Cannon  
  90  6:54  Pylon  
  90  6:59  Photon Cannon  
  96  7:03  Photon Cannon  
  96  7:04  Pylon  
  96  7:09  Carrier (Chrono Boost)  
  102  7:26  Carrier (Chrono Boost)  
  102  7:40  Carrier (Chrono Boost)  
  108  7:46  Nexus  
  108  7:47  Carrier (Chrono Boost)  
  108  7:48  Protoss Air Weapons Level 2  
  108  7:49  Pylon x2  
  114  7:55  Pylon  
  114  8:17  Photon Cannon x2  
  114  8:19  Photon Cannon  
  114  8:23  Photon Cannon  
  114  8:26  Photon Cannon  
  120  8:29  Assimilator  
  120  8:34  Assimilator  
  120  8:35  Carrier (Chrono Boost)  
  124  8:51  Carrier (Chrono Boost)  
  124  8:54  Void Ray (Chrono Boost)  
  126  9:01  Void Ray (Chrono Boost)  
  130  9:23  Photon Cannon  
  130  9:28  Photon Cannon  
  134  9:31  Void Ray (Chrono Boost)  
  134  9:37  Void Ray (Chrono Boost)  
  144  9:41  Nexus  
  144  9:49  Void Ray (Chrono Boost)  
  148  9:53  Protoss Air Weapons Level 3  
  148  10:03  Robotics Facility  
  148  10:05  Twilight Council  
  152  10:09  Void Ray (Chrono Boost)  
  152  10:11  Void Ray (Chrono Boost)  
  156  10:19  Void Ray (Chrono Boost)  
  160  10:32  Pylon  
  160  10:39  Void Ray (Chrono Boost)  
  155  11:17  Carrier x2 (Chrono Boost)  
  163  11:44  Observer  
  164  11:55  Probe x2  
  164  11:56  Probe x2  
  164  11:57  Probe  
  169  12:28  Photon Cannon  
Tags
 
Add a new tag
Caveats
  • Supply blocks, unpowered buildings, or Contaminate may cause inaccurate times.
  • Supply counts are checked every 10 seconds.